 Dungeon Crawl Stone Soup version 0.22-a0-750-ga7dcef7 (webtiles) character file.

21 Amnesiac the Digger (level 2, -8/19 HPs)
             Began as a Demonspawn Earth Elementalist on July 16, 2018.
             Killed from afar by an orc wizard (9 damage)
             ... with a magic dart
             ... on level 3 of the Dungeon.
             The game lasted 00:01:20 (976 turns).

Amnesiac the Digger (Demonspawn Earth Elementalist)  Turns: 976, Time: 00:01:20

Health: -8/19      AC:  4    Str:  8    XL:     2   Next: 62%
Magic:  1/5        EV: 12    Int: 16    God:
Gold:   12         SH:  0    Dex: 13    Spells: 4/5 levels left

rFire    . . .     SeeInvis .   k - +0 dagger
rCold    . . .     Gourm    .   (no shield)
rNeg     . . .     Faith    .   c - +0 robe
rPois    .         Spirit   .   f - +0 helmet
rElec    .         Reflect  .   (no cloak)
rCorr    .         Harm     .   (no gloves)
MR       .....                  (no boots)
Stlth    ++........             (no amulet)
HPRegen  0.06/turn              (no ring)
MPRegen  0.09/turn              (no ring)

@: no status effects
A: rugged brown scales 1
a: no special abilities


You were on level 3 of the Dungeon.
You were hungry.

You visited 1 branch of the dungeon, and saw 3 of its levels.

You collected 12 gold pieces.

Inventory:

Hand Weapons
 k - a +0 dagger (weapon)
Missiles
 b - 9 stones (quivered)
Armour
 c - a +0 robe (worn)
 f - a +0 helmet (worn)
Scrolls
 a - a scroll of remove curse {!r, unknown}
 h - a scroll of blinking {!r, unknown}
 i - 3 scrolls of identify {!r, unknown}
 j - a scroll of teleportation {!r, unknown}
Potions
 e - a potion of might {!q, unknown}
 g - 2 potions of curing {!q, unknown}
Comestibles
 d - a ration


   Skills:
 - Level 1.7 Dodging
 - Level 1.7 Stealth
 + Level 2.3 Spellcasting
   Level 0.8 Transmutations
 * Level 3.3 Earth Magic


You had 4 spell levels left.
You knew the following spells:

 Your Spells              Type           Power        Failure   Level  Hunger
a - Sandblast             Erth           ##....       4%          1    #......

Your spell library contained the following spells:

 Spells                   Type           Power        Failure   Level  Hunger
 Stone Arrow              Conj/Erth      #.....       30%         3    ###....
 Passwall                 Tmut/Erth      #.......     13%         2    ###....
 Lee's Rapid Deconstruct  Erth           ##........   80%         5    ######.
 Petrify                  Tmut/Erth      #.......     63%         4    #####..


Dungeon Overview and Level Annotations

Branches:
Dungeon (3/15)

Altars:


Innate Abilities, Weirdness & Mutations

You are partially covered in rugged brown scales. (AC +1, +3% HP)


Message History

Aim: an orc wizard, wielding a dagger and wearing a robe (heavily wounded, fast)
The blast of sand hits the orc wizard.
The orc wizard is severely wounded.
b - 11 stones The orc wizard gestures at you while chanting.
You resist with significant effort.
Casting: Sandblast (safe; 4% risk of failure)
Confirm with . or Enter, or press ? or * to list all spells.
Aiming: Sandblast (safe; 4% risk of failure)
Press: ? - help, Shift-Dir - straight line, f/p - orc wizard
Aim: an orc wizard, wielding a dagger and wearing a robe (severely wounded, fast)
The blast of sand hits the orc wizard.
The orc wizard is severely wounded.
b - 10 stones The orc wizard hits you with a dagger.
The orc wizard hits you but does no damage.
Casting: Sandblast (safe; 4% risk of failure)
Confirm with . or Enter, or press ? or * to list all spells.
Aiming: Sandblast (safe; 4% risk of failure)
Press: ? - help, Shift-Dir - straight line, f/p - orc wizard
Aim: an orc wizard, wielding a dagger and wearing a robe (severely wounded, fast)
The blast of sand misses the orc wizard.
b - 9 stones You are feeling hungry.
The orc wizard hits you but does no damage.
Casting: Sandblast (safe; 4% risk of failure)
Confirm with . or Enter, or press ? or * to list all spells.
You don't have enough magic to cast that spell.
Casting: Sandblast (safe; 4% risk of failure)
Confirm with . or Enter, or press ? or * to list all spells.
You don't have enough magic to cast that spell.
Casting: Sandblast (safe; 4% risk of failure)
Confirm with . or Enter, or press ? or * to list all spells.
You don't have enough magic to cast that spell.
Casting: Sandblast (safe; 4% risk of failure)
Confirm with . or Enter, or press ? or * to list all spells.
You don't have enough magic to cast that spell.
You hit the orc wizard but do no damage.
The orc wizard is severely wounded.
The orc wizard hits you with a dagger. The orc wizard barely misses you.
You hit the orc wizard.
The orc wizard is almost dead.
The orc wizard hits you but does no damage.
You miss the orc wizard.
The orc wizard is almost dead.
The orc wizard mumbles some strange words.
The orc wizard blinks!
Found 16 gold pieces.
The orc wizard points at you and mumbles some strange words.
The magic dart hits you!
* * * LOW HITPOINT WARNING * * *
You closely miss the orc wizard.
The orc wizard is severely wounded.
The orc wizard casts a spell at you. The magic dart hits you!
* * * LOW HITPOINT WARNING * * *
You barely miss the orc wizard.
The orc wizard is severely wounded.
The orc wizard barely misses you. x2
You hit the orc wizard.
The orc wizard is almost dead.
The orc wizard gestures at you while chanting.
The magic dart hits you!
You die...

..... .$... #.....
##### #...... ."..
##...##....... ...
.###.............
.......>.............
..... #.....[@o.....#
?..##............##
...#..........##
#.##...##...##
#.<†...# #..#
#.##.#..# ....
#.##........##.
#)######...(. #.#
.#..##


You could see an orc wizard.

Vanquished Creatures
  A worm (D:2)
  A leopard gecko (D:3)
  An orc (D:3)
  A giant cockroach (D:2)
  3 goblins
  2 hobgoblins
  A quokka (D:2)
  A kobold (D:2)
  5 rats
16 creatures vanquished.

Notes
Turn   | Place    | Note
-------+----------+-------------------------------------------
     0 | D:1      | Amnesiac the Demonspawn Earth Elementalist began the quest for the Orb.
     0 | D:1      | Reached XP level 1. HP: 13/13 MP: 3/3
   342 | D:2      | Reached skill level 3 in Earth Magic
   556 | D:2      | Gained mutation: You are partially covered in rugged brown scales. (AC +1, +3% HP) [demonic ancestry]
   556 | D:2      | Reached XP level 2. HP: 11/19 MP: 1/5
   687 | D:3      | Noticed a phantom
   976 | D:3      | Killed from afar by an orc wizard

Vault maps used:
D:1:      ldierk_walled_garden_2
D:2:      first_ration, serial_co_window_serial, co_window_cross_1,
          co_window_corner_a, co_window_paths_a, co_window_paths_b,
          co_window_cross_1, co_window_paths_b, co_window_paths_b,
          co_window_broadway_a, co_window_unsneaky_path_d,
          co_window_unsneaky_path_d, co_window_paths_d, glass_columns_a,
          glass_columns_c, glass_columns_b
D:3:      minivault_4, goddamned_bats

Skill      XL: |  1 |
---------------+----+-----
Earth Magic    | 3 |  3.3
Dodging        | |  1.7
Stealth        | |  1.7
Spellcasting   | |  2.3
Transmutations | |  0.8

Action                   || total
-------------------------++-------
Melee: Unarmed           ||    34
       Dagger            ||     6
 Cast: Sandblast         ||    26
Armor: Robe              ||     4
Dodge: Dodged            ||    32

Table legend:
 A = Spawn XP
 B = Non-spawn XP
 C = Spawn XP percentage of total XP
 D = Spawn monster count
 E = Non-spawn monster count
 F = Spawn count percentage of total count
 G = Total turns spent on level
                    A         B        C        D         E        F      G
               +---------+---------+-------+---------+---------+-------+---------
         Total |       0 |      30 |   0.0 |       0 |      16 |   0.0 |   976
               +---------+---------+-------+---------+---------+-------+---------
           D:1 |       0 |       1 |   0.0 |       0 |       1 |   0.0 |    54
           D:2 |       0 |      19 |   0.0 |       0 |      11 |   0.0 |   825
           D:3 |       0 |      10 |   0.0 |       0 |       4 |   0.0 |    97
               +---------+---------+-------+---------+---------+-------+---------
